cohdb
Replays
Latest Replays
All Replays
Popular Replays
Top Player Replays
Match Explorer
How It Works
Community
CoH3 Stats
Reddit
Sign in to upload your games and track your stats! →
Sign in with Steam
Match 42030325
Unlisted
Match 42030325
Overview
Messages
Build Orders
End
Selects Airborne Battlegroup
Selects Heavy Machine Gun Paradrop
Heavy Machine Gun Paradrop
Construct Barracks
Riflemen Squad
Heavy Machine Gun Paradrop
Riflemen Squad
Grenade Package
Infantry Support Center
Construct Motor Pool
M8 Greyhound Armored Car
Construct Medical Station
Engineer Squad
Riflemen Squad
M1918 Browning Automatic Rifles
M1 Anti-tank Gun Team
Selects Recon Loiter
Selects Supply Drop
Selects Dual P-47 Rocket Strike
Supply Drop
Recon Loiter
Dual P-47 Rocket Strike
Riflemen Squad
Recon Loiter
Supply Drop
Construct Tank Depot
Recon Loiter
Dual P-47 Rocket Strike
Supply Drop
M4A1 Sherman Medium Tank
Selects Paratrooper Squad Paradrop
Selects Anti-tank Gun Team Paradrop
Paratrooper Squad Paradrop
Recon Loiter
Dual P-47 Rocket Strike
Supply Drop
Advanced Logistics
Anti-tank Gun Team Paradrop
Recon Loiter
Supply Drop
Tiensin
FAT G
Sarmynation
Punished Beans
0
0
Comments
sign in to comment!
No comments posted yet!